 Dungeon Crawl Stone Soup version 0.28.0-43-g3370ac3207 (webtiles) character file.

Game seed: 16473142539256968824

142 smarlow the Magician (level 5, -4/35 HPs)
             Began as a Djinni Conjurer on Mar 6, 2022.
             Slain by Edmund
             ... wielding a +1 dire flail of protection
              (8 damage)
             ... on level 4 of the Dungeon.
             The game lasted 00:02:57 (4506 turns).

smarlow the Magician (Djinni Conjurer)              Turns: 4506, Time: 00:02:58

Health: -4/35      AC:  2    Str:  6    XL:     5   Next: 50%
Gold:   162        EV: 16    Int: 22    God:
                   SH:  0    Dex: 13

rFire   + + +      SeeInvis .   (no weapon)
rCold   x . .      Faith    .   (no shield)
rNeg    . . .      Spirit   .   a - +0 robe
rPois   ∞          Reflect  .   (helmet restricted)
rElec   .          Harm     .   (no cloak)
rCorr   .          Rampage  .   (no gloves)
Will    .....                   (boots unavailable)
Stlth   ++........              (no amulet)
HPRegen 0.11/turn               g - +4 ring of evasion
MPRegen 0.00/turn               (no ring)

@: flying, very slightly contaminated
A: sickness immunity, fire resistance 3, cold vulnerability 1, float, innate
caster, HP casting, extra vitality 1, horns 1, agile 1
a: no special abilities


You were on level 4 of the Dungeon.
You visited 2 branches of the dungeon, and saw 5 of its levels.

You collected 162 gold pieces.

Inventory:

Armour
 a - a +0 robe (worn)
 b - a +0 leather armour of cold resistance
Jewellery
 g - a +4 ring of evasion (left hand)
Wands
 e - a wand of polymorph (4)
Scrolls
 d - a scroll of enchant armour
 f - a scroll of enchant weapon
 h - 3 scrolls of identify
Potions
 c - a potion of degeneration
 j - a potion of curing {unknown}


   Skills:
 - Level 2.2 Dodging
 - Level 1.6 Stealth
 + Level 5.0 Spellcasting


You couldn't memorise any spells.
You knew the following spells:

 Your Spells              Type           Power      Damage    Failure   Level
a - Magic Dart            Conj           100%       1d8       1%          1
b - Searing Ray           Conj           54%        2d6       1%          2
c - Dazzling Flash        Conj/Hex       54%        N/A       3%          3
d - Fulminant Prism       Conj/Hex       13%        3d9       13%         4
e - Iskenderun's Mystic   Conj/Tloc      27%        2d7       13%         4
f - Shock                 Conj/Air       100%       1d9       1%          1
g - Ensorcelled Hibernat  Hex/Ice        54%        N/A       1%          2
Your spell library was empty.

Dungeon Overview and Level Annotations

Branches:
Dungeon (4/15)             Temple (1/1) D:4

Altars:
Ashenzari
Cheibriados
Elyvilon
Gozag
Hepliaklqana
Kikubaaqudgha
Nemelex Xobeh
Qazlal
Ru
Sif Muna
Vehumet
Zin

Annotations:
D:4 Edmund


Innate Abilities, Weirdness & Mutations

You are immune to sickness and miasma.
You are immune to poison.
Your flesh is almost immune to the effects of heat. (rF+++)
You are vulnerable to cold. (rC-)
You float through the air rather than walking.
You learn spells naturally, not from books.
Your magical power is your life essence.
You have superior vitality. (+4 MHP)
You have a pair of small horns on your head.
You are agile. (Dex +2)


Message History

Edmund is lightly wounded.
The magic dart hits Edmund.
Edmund is moderately wounded.
Casting: Magic Dart (safe; 1% risk of failure)
Confirm with . or Enter, or press ? or * to list all spells.
The spell is quite dangerous to miscast (13% risk of failure)!
Continue anyway?
You miscast Iskenderun's Mystic Blast.
You are very lightly contaminated with residual magic.
Nothing appears to happen.
Casting: Iskenderun's Mystic Blast (quite dangerous; 13% risk of failure)
Confirm with . or Enter, or press ? or * to list all spells.
The spell is quite dangerous to miscast (13% risk of failure)!
Continue anyway?
You miscast Iskenderun's Mystic Blast.
Nothing appears to happen.
Edmund barely misses you.
Casting: Iskenderun's Mystic Blast (quite dangerous; 13% risk of failure)
Confirm with . or Enter, or press ? or * to list all spells.
The spell is quite dangerous to miscast (13% risk of failure)!
Continue anyway?
You miscast Iskenderun's Mystic Blast.
Space bends around you.
You are magically locked in place.
Edmund hits you with a +1 dire flail of protection!
* * * LOW HITPOINT WARNING * * *
Casting: Iskenderun's Mystic Blast (quite dangerous; 13% risk of failure)
Confirm with . or Enter, or press ? or * to list all spells.
The spell is quite dangerous to miscast (13% risk of failure)!
Continue anyway?
You erupt in a blast of force!
The mystic blast hits Edmund.
Edmund is moderately wounded.
Edmund is knocked back by the mystic blast.
* * * LOW HITPOINT WARNING * * *
As you read the scroll labelled BIMASHR XO BEA, it crumbles to dust.
It is a scroll of amnesia.
You feel forgetful for a moment.
You are no longer locked in place.
Casting: Iskenderun's Mystic Blast (quite dangerous; 13% risk of failure)
Confirm with . or Enter, or press ? or * to list all spells.
You don't have enough health to cast this spell.
It was a potion of mutation.
You feel extremely strange.
You feel agile. A pair of horns grows on your head!
You feel more resistant to heat.
Edmund hits you with a +1 dire flail of protection!
You die...

#.......... ###
###.#######.# #.. ..#.#
#.# #.# #.#.# #.# #.#
#.#.# #.# #.#
#.#.#######.# #.#
#.#.......#..
#######.####.#######.#.#
......@@..............##
....###.####'#.#........
. #.# #....#....#### #.#
#....#........ #.#
#....#.##'##.# #.#
#....#.....#.# #.#
#....#.....#.# #.#
#....#.....#.#
##+#.#.....#.#


You could see Edmund.

Vanquished Creatures
  A centaur skeleton (D:4)
  3 adders (D:2)
  4 worms (D:3)
  2 dart slugs (D:3)
  4 ball pythons
  7 endoplasms
  3 giant cockroaches
  9 goblins
  7 hobgoblins
  4 jackals
  A quokka (D:1)
  8 bats
  2 frilled lizards (D:1)
  6 kobolds
  6 rats
67 creatures vanquished.

Notes
Turn   | Place    | Note
-------+----------+-------------------------------------------
     0 | D:1      | smarlow the Djinni Conjurer began the quest for the Orb.
     0 | D:1      | Reached XP level 1. HP: 15/15 MP: 0/0
   184 | D:1      | Reached XP level 2. HP: 18/21 MP: 0/0
  1054 | D:1      | Reached XP level 3. HP: 21/25 MP: 0/0
  1054 | D:1      | Learned a level 1 spell: Shock
  1322 | D:2      | Reached skill level 4 in Spellcasting
  1520 | D:2      | Reached XP level 4. HP: 27/31 MP: 0/0
  3334 | D:3      | Reached XP level 5. HP: 34/35 MP: 0/0
  3334 | D:3      | Learned a level 2 spell: Ensorcelled Hibernation
  3364 | D:3      | Found an opulent altar of Gozag.
  3571 | D:4      | Found a staircase to the Ecumenical Temple.
  3581 | Temple   | Entered the Ecumenical Temple
  3916 | D:4      | Found a snail-covered altar of Cheibriados.
  4113 | D:4      | Reached skill level 5 in Spellcasting
  4496 | D:4      | Noticed Edmund
  4506 | D:4      | Gained mutation: You are agile. (Dex +2) [potion of
                  | mutation]
  4506 | D:4      | Gained mutation: You have a pair of small horns on your
                  | head. [potion of mutation]
  4506 | D:4      | Gained mutation: Your flesh is almost immune to the effects
                  | of heat. (rF+++) [potion of mutation]
  4506 | D:4      | Slain by Edmund

Illustrated notes

Levels and vault maps discovered:
D:1:      co_arrival_square_in_a_square_in_a_square, layout_basic
D:2:      layout_basic, chequers_serial_rivers_large_a, minmay_diced_spiral
D:3:      layout_rooms, lemuel_coloured_pillars_altar
D:4:      layout_basic, general_overflow_altar,
          minmay_temple_entry_enclosed_plants, serial_curves, eino_curves_03,
          eino_curves_01, nrook_uturn, minmay_cut_off, uniq_edmund
Temple:   jpeg_temple_alley_garden

Skill      XL: |  1  2  3  4  5 |
---------------+----------------+-----
Spellcasting   | 4 5 |  5.0
Dodging        | |  2.2
Stealth        | |  1.6

Action                   |  1- 3 |  4- 6 || total
-------------------------+-------+-------++-------
 Cast: Magic Dart        |    59 |   104 ||   163
       Iskenderun's Myst |       |     1 ||     1
  Use: Scroll            |       |     4 ||     4
       Potion            |       |     1 ||     1
Armor: Robe              |     2 |     1 ||     3
Dodge: Dodged            |     7 |    11 ||    18
